 Dungeon Crawl Stone Soup version 0.25.1-2-g60ff931df9 (webtiles) character file.

Game seed: 751188372689795436

356323 SilverPrince the Hoplite (level 21, -7/201 HPs)
             Began as a Minotaur Wanderer on Aug 15, 2020.
             Was an Initiate of Gozag.
             Killed from afar by Xtahua (58 damage)
             ... with a searing blast
             ... on level 1 of the Crypt on Aug 16, 2020.
             The game lasted 02:50:54 (69988 turns).

SilverPrince the Hoplite (Minotaur Wanderer)       Turns: 69988, Time: 02:51:09

Health: -7/201     AC: 27    Str: 26    XL:     21   Next: 39%
Magic:  31/31      EV: 13    Int:  9    God:    Gozag
Gold:   7037       SH: 20    Dex: 12    Spells: 22/22 levels left

rFire    . . .     SeeInvis +   s - +5 demon trident (flame)
rCold    + + .     Gourm    .   y - +2 kite shield {reflect}
rNeg     + + .     Faith    .   A - +2 plate armour {rC+}
rPois    +         Spirit   .   V - +2 hat
rElec    .         Reflect  +   u - +2 cloak {rPois}
rCorr    .         Harm     .   k - +2 pair of gloves {Dex+3}
MR       ++++.     Clarity  +   J - +0 pair of boots
Stlth    ..........             N - amulet of the Four Winds {rN+ MR+++ Clar}
HPRegen  0.43/turn              Q - ring of positive energy
MPRegen  0.22/turn              w - ring of the Fool {rC+ SInv}

@: lightly drained
A: retaliatory headbutt, horns 2, clumsy 1
}: 2/15 runes: barnacled, gossamer
a: Potion Petition, Call Merchant, Bribe Branch, Renounce Religion


You were on level 1 of the Crypt.
You worshipped Gozag.
Gozag was greatly pleased with you.
You were full.

You visited 9 branches of the dungeon, and saw 39 of its levels.

You collected 17250 gold pieces.
You spent 2710 gold pieces at shops.
You paid 7503 gold pieces to Gozag.

Inventory:

Hand Weapons
 b - a +9 demon trident of draining
 s - a +5 demon trident of flaming (weapon)
 B - the +8 whip "Snakebite" {curare, rPois}
   (You found it on level 4 of the Lair of Beasts)

   It poisons the flesh of those it strikes.
   It protects you from poison.
 Y - a +0 eveningstar
Missiles
 K - 7 boomerangs of dispersal (quivered)
Armour
 k - a +2 pair of gloves of dexterity (worn)
 u - a +2 cloak of poison resistance (worn)
 y - a +2 kite shield of reflection (worn)
 A - a +2 plate armour of cold resistance (worn)
 J - a +0 pair of boots (worn)
 V - a +2 hat (worn)
Jewellery
 w - the ring of the Fool (right hand) {rC+ SInv}
   (You bought it in a shop on level 2 of the Lair of Beasts)

   [ring of see invisible]

   It protects you from cold.
   It lets you see invisible.
 H - the ring of Shadows {Umbra +Inv Stlth+}
   (You bought it in a shop on level 2 of the Lair of Beasts)

   [ring of stealth]

   It lets you turn invisible.
   It makes you more stealthy.
 N - the amulet of the Four Winds (around neck) {rN+ MR+++ Clar}
   (You bought it in a shop on level 2 of the Lair of Beasts)

   [amulet of nothing]

   It protects you from negative energy.
   It affects your resistance to hostile enchantments.
   It protects you against confusion.
 Q - a ring of positive energy (left hand)
 U - an uncursed ring of resist corrosion
 Z - an uncursed ring of flight
Wands
 e - a wand of polymorph (34)
 l - a wand of enslavement (24)
 x - a wand of flame (27)
 D - a wand of paralysis (25)
 E - a wand of disintegration (15)
 P - a wand of iceblast (2)
 W - a wand of clouds (5)
 X - a wand of digging (2)
Scrolls
 c - 4 scrolls of immolation
 g - 15 scrolls of remove curse
 i - 11 scrolls of teleportation
 j - a scroll of brand weapon
 n - 3 scrolls of fog
 q - 8 scrolls of fear
 C - 4 scrolls of magic mapping
 L - a scroll of blinking
 R - 12 scrolls of identify
Potions
 a - 3 potions of ambrosia
 d - 5 potions of heal wounds
 h - 2 potions of resistance
 m - 6 potions of stabbing
 o - 5 potions of mutation
 p - 8 potions of curing
 t - 4 potions of flight
 v - 3 potions of invisibility
 z - 7 potions of haste
 F - 6 potions of might
 G - a potion of brilliance
 O - 4 potions of lignification
 S - a potion of berserk rage
 T - a potion of cancellation
Miscellaneous
 I - a phial of floods
Comestibles
 f - 7 rations


   Skills:
 - Level 20.0(19.6) Fighting
 - Level 16.0(15.6) Maces & Flails
 - Level 14.0(13.6) Polearms
 + Level 11.7(11.4) Armour
 + Level 11.4(11.1) Dodging
 - Level 1.0(0.7) Stealth
 - Level 25.0(24.5) Shields
 - Level 1.0(0.7) Spellcasting
   Level 1.0(0.7) Hexes
   Level 2.1(1.9) Summonings
 + Level 15.6(15.2) Evocations


You had 22 spell levels left.
You didn't know any spells.
Your spell library contained the following spells:

 Spells                   Type           Power        Failure   Level  Hunger
 Summon Butterflies       Summ           #.......     83%         1    ##.....
 Summon Small Mammal      Summ           #...         83%         1    ##.....
 Call Imp                 Summ           #.......     92%         2    ###....
 Corona                   Hex            #......      94%         1    ##.....
 Animate Skeleton         Necr           N/A          97%         1    ##.....
 Apportation              Tloc           #.....       97%         1    ##.....
 Beastly Appendage        Tmut           #.....       97%         1    ##.....
 Freeze                   Ice            #...         97%         1    ##.....
 Infusion                 Chrm           #...         97%         1    ##.....
 Magic Dart               Conj           #...         97%         1    ##.....
 Sandblast                Erth           #.....       97%         1    ##.....
 Shock                    Conj/Air       #...         97%         1    ##.....
 Slow                     Hex            #.......     98%         2    ###....
 Blink                    Tloc           N/A          99%         2    ###....
 Ensorcelled Hibernation  Hex/Ice        #.....       99%         2    ###....
 Passwall                 Tmut/Erth      #.......     99%         2    ###....
 Poisonous Vapours        Pois/Air       #.....       99%         2    ###....
 Searing Ray              Conj           #.....       99%         2    ###....
 Shroud of Golubria       Chrm/Tloc      #.....       99%         2    ###....
 Song of Slaying          Chrm           #.......     99%         2    ###....
 Sticks to Snakes         Tmut           #.......     99%         2    ###....
 Sublimation of Blood     Necr           #.........   99%         2    ###....
 Swiftness                Chrm/Air       #.......     99%         2    ###....
 Confusing Touch          Hex            #.......     100%        3    ####...
 Conjure Flame            Conj/Fire      #.......     100%        3    ####...
 Dazzling Flash           Conj/Hex       #.....       100%        3    ####...
 Frozen Ramparts          Ice            #.....       100%        3    ####...
 Gell's Gravitas          Tloc           #.........   100%        3    ####...
 Ignite Poison            Fire/Tmut/Pois #.......     100%        3    ####...
 Inner Flame              Hex/Fire       #.......     100%        3    ####...
 Mephitic Cloud           Conj/Pois/Air  #.......     100%        3    ####...
 Ozocubu's Armour         Chrm/Ice       #.......     100%        3    ####...
 Portal Projectile        Hex/Tloc       #.....       100%        3    ####...
 Recall                   Summ/Tloc      N/A          100%        3    ####...
 Spectral Weapon          Hex/Chrm       #.......     100%        3    ####...
 Spider Form              Tmut/Pois      #.........   100%        3    ####...
 Static Discharge         Conj/Air       #.......     100%        3    ####...
 Stone Arrow              Conj/Erth      #.....       100%        3    ####...
 Tukima's Dance           Hex            #.......     100%        3    ####...
 Airstrike                Air            #.........   100%        4    #####..
 Cause Fear               Hex            #.........   100%        4    #####..
 Fulminant Prism          Conj/Hex       #.........   100%        4    #####..
 Hailstorm                Conj/Ice       #.......     100%        4    #####..
 Ice Form                 Ice/Tmut       #.......     100%        4    #####..
 Iskenderun's Mystic Bla  Conj/Tloc      #.......     100%        4    #####..
 Leda's Liquefaction      Hex/Erth       #.........   100%        4    #####..
 Petrify                  Tmut/Erth      #.......     100%        4    #####..
 Summon Ice Beast         Ice/Summ       #.......     100%        4    #####..
 Alistair's Intoxication  Tmut/Pois      #.......     100%        5    ######.
 Blade Hands              Tmut           #.........   100%        5    ######.
 Borgnjor's Vile Clutch   Necr/Erth      #.........   100%        5    ######.
 Irradiate                Conj/Tmut      #.........   100%        5    ######.
 Lee's Rapid Deconstruct  Erth           #.........   100%        5    ######.
 Lightning Bolt           Conj/Air       #.........   100%        5    ######.
 Metabolic Englaciation   Hex/Ice        #.........   100%        5    ######.
 Silence                  Hex/Air        #.........   100%        5    ######.
 Yara's Violent Unravell  Hex/Tmut       #.........   100%        5    ######.
 Darkness                 Hex            #.........   100%        6    #######
 Eringya's Noxious Bog    Tmut/Pois      #.........   100%        6    #######
 Freezing Cloud           Conj/Ice/Air   #.........   100%        6    #######
 Ozocubu's Refrigeration  Ice            #.........   100%        6    #######
 Shadow Creatures         Summ           N/A          100%        6    #######
 Simulacrum               Ice/Necr       #.........   100%        6    #######
 Ring of Flames           Chrm/Fire      #.........   100%        7    #######
 Ignition                 Fire           #.........   100%        8    #######
 Shatter                  Erth           #.........   100%        9    #######
 Tornado                  Air            #.........   100%        9    #######


Dungeon Overview and Level Annotations

Branches:
Dungeon (15/15)            Temple (1/1) D:5            Lair (6/6) D:10
 Shoals (4/4) Lair:2       Spider (4/4) Lair:2        Slime (0/5) Lair:5
    Orc (2/2) D:11            Elf (0/3) Orc:2        Vaults (4/5) D:14
  Crypt (1/3) Vaults:2     Depths (2/5) D:15

Altars:
Ashenzari
Cheibriados
Dithmenos
Elyvilon
Fedhas
Gozag
Hepliaklqana
Kikubaaqudgha
Makhleb
Nemelex Xobeh
Okawaru
Qazlal
Ru
Sif Muna
Trog
Uskayaw
Vehumet
Wu Jian
Xom
Yredelemnul
Zin
The Shining One
Beogh
Jiyva

Shops:
D:5 **!(*   D:11 %   D:15 *   Orc:2 (*[!((   Lair:2 =}   Shoals:1 :
Vaults:1 (   Vaults:2 !   Depths:2 (

Portals:
Hell: Depths:1
Abyss: D:12

Annotations:
D:6 1 runed translucent door, Matius's ghost, novice DsCK
D:7 1 runed translucent door, exclusion: downstairs, Crazy Yiuf
Lair:2 exclusion: oklob plant
Lair:5 3 runed translucent doors, Galipoih's ghost, journeyman OpFi
Shoals:4 Mara
Spider:3 exclusion: downstairs
Crypt:1 Xtahua
Depths:1 exclusion: downstairs


Innate Abilities, Weirdness & Mutations

You reflexively headbutt those who attack you in melee.
You have a pair of horns on your head.
You are clumsy. (Dex -2)


Message History

Xtahua is engulfed in blazing flames.
You block Xtahua's attack. x3
You hit Xtahua. You headbutt Xtahua, but do no damage.
Xtahua is heavily wounded.
Xtahua bites you but does no damage. You block Xtahua's attack.
Xtahua tramples you but does no damage.
You impale Xtahua!! You burn Xtahua.
Xtahua is severely wounded.
You hit Xtahua but do no damage.
Xtahua is severely wounded.
Xtahua is engulfed in blazing flames.
Xtahua breathes flames at you. The searing blast hits you!!!!
* * * LOW HITPOINT WARNING * * *
You hit Xtahua but do no damage.
Xtahua is severely wounded.
Xtahua is engulfed in blazing flames.
Xtahua breathes flames at you. The searing blast hits you!!!
You die...
Your body crumbles into a pile of gold.

#...#### ##.#
#.#....## #.#
#.)###..#### #.#
###...##....###.###
........###..##...##
#######...##.####..#
##......####.##
#.......###..#
#####..WD@..☼#
#..Z###### ##..#
#..# $ #.........
..#.....###
....#####.Z# ......
..# ...... ..


You could see Xtahua (catching breath), an eidolon and a sphinx zombie.

Vanquished Creatures
  Boris (Vaults:3)
  Frederick (Vaults:4)
  Bai Suzhen (Shoals:3)
  Margery (Vaults:4)
  Rupert (D:13)
  2 tentacled monstrosities
  A titan (Depths:2)
  A sphinx (Depths:2)
  An ancient champion (Crypt:1)
  2 tengu reavers
  Donald (Shoals:3)
  Ilsuiw (Shoals:3)
  A frost giant (Shoals:4)
  A deep elf sorcerer (Vaults:2)
  2 fire giants (Depths:2)
  4 vault wardens
  Aizul (Shoals:1)
  6 ghost moths
  5 ghouls (Crypt:1)
  5 emperor scorpions
  A spriggan defender (Depths:2)
  A war gargoyle (Vaults:2)
  11 ironheart preservers
  5 very ugly things
  7 stone giants
  5 deep elf demonologists
  4 entropy weavers
  3 spark wasps
  2 vampire knights
  The ghost of zergursh the Archer, a journeyman CeHu of Okawaru (D:12)
  2 merfolk javelineers
  5 ettins
  4 fire dragons
  10 merfolk impalers
  An eidolon (Crypt:1)
  3 deep elf death magi
  8 yaktaur captains
  5 vault guards
  Erolcha (D:12)
  6 great orbs of eyes
  5 ice dragons
  6 hydras
  2 rakshasas
  Erica (Lair:1)
  Fannar (D:10)
  2 catoblepae
  2 merfolk aquamancers
  A merfolk avatar (Shoals:3)
  2 alligator snapping turtles (Shoals:1)
  An anaconda (shapeshifter) (Depths:1)
  A death knight (Crypt:1)
  7 deep troll earth magi
  14 centaur warriors
  5 satyrs
  3 tengu warriors (Depths:1)
  24 two-headed ogres
  7 deep troll shamans
  5 death yaks (Lair:4)
  9 ogre magi
  5 vampire magi
  4 spriggan berserkers
  3 hell knights (Vaults:4)
  8 deep elf knights
  Nergalle (D:10)
  A storm dragon zombie (Depths:2)
  A wretched star (D:12)
  8 skeletal warriors
  14 deep trolls
  13 sea snakes
  5 unseen horrors
  4 glowing orange brains
  An unseen horror (shapeshifter) (Vaults:2)
  A flayed ghost (Crypt:1)
  3 phantasmal warriors
  5 deep elf archers
  33 harpies
  A large abomination (D:12)
  3 necromancers
  Pikel (D:8)
  10 orc knights
  13 deep elf magi
  10 ironbrand convokers
  6 orc sorcerers
  9 cyclopes
  11 orb spiders
  31 wolf spiders
  11 fauns
  33 ugly things
  A worldbinder (D:12)
  A salamander (Depths:1)
  A salamander (shapeshifter) (Depths:2)
  10 merfolk sirens
  7 manticores
  6 moths of wrath
  4 water nymphs
  Maurice (D:9)
  A frost giant skeleton (Crypt:1)
  A stone giant skeleton (Depths:2)
  3 black mambas
  12 elephants
  6 vault sentinels
  Psyche (D:7)
  2 storm dragon simulacra
  2 centaur skeletons
  22 spiny frogs
  A torpor snail (Spider:3)
  A gargoyle (D:15)
  A rime drake (Lair:6)
  A rime drake (shapeshifter) (Vaults:1)
  A yaktaur (shapeshifter) (D:15)
  14 yaktaurs
  A komodo dragon (shapeshifter) (D:12)
  5 komodo dragons
  A kobold demonologist (D:14)
  A redback zombie (Crypt:1)
  4 freezing wraiths
  12 demonic crawlers
  A tengu conjurer (D:15)
  A polar bear (shapeshifter) (Vaults:1)
  36 jumping spiders
  A queen bee (Spider:2)
  8 trolls
  30 merfolk
  4 tyrant leeches
  10 wind drakes
  4 polar bears
  Prince Ribbit (D:7)
  A bog body (Crypt:1)
  A blink frog (shapeshifter) (Vaults:2)
  12 hippogriffs
  25 hornets
  A snapping turtle (shapeshifter) (Depths:2)
  9 dream sheep
  53 slime creatures
  8 snapping turtles
  29 blink frogs
  A raiju (D:12)
  A stone giant simulacrum (Depths:2)
  A fire giant simulacrum (Vaults:2)
  A centaur simulacrum (D:15)
  67 redbacks
  26 tarantellas
  3 wraiths
  2 shadows
  5 water elementals
  5 wyverns
  42 yaks
  4 vampires
  3 basilisks
  2 hungry ghosts
  12 vampire mosquitoes
  Grum (D:8)
  3 wargs
  A human zombie (Depths:2)
  A soldier ant (D:13)
  9 water moccasins
  2 acid dragons
  A floating eye (Depths:1)
  A soldier ant (shapeshifter) (Vaults:2)
  A floating eye (shapeshifter) (Depths:1)
  47 orc warriors
  14 porcupines
  2 sky beasts
  Duvessa (D:4)
  A necrophage (Crypt:1)
  2 black bears
  A phantom (D:7)
  2 eyes of draining
  26 ogres
  An ice beast (D:6)
  10 boggarts
  9 wolves
  29 centaurs
  A salamander zombie (Crypt:1)
  A yaktaur zombie (Vaults:1)
  20 crocodiles
  3 big kobolds
  25 bullfrogs
  A glowing shapeshifter simulacrum (Vaults:2)
  A wyvern zombie (D:13)
  Dowan (D:4)
  2 human skeletons (Vaults:1)
  9 scorpions
  A water moccasin zombie (D:8)
  A wyvern skeleton (D:14)
  14 killer bees
  An orc simulacrum (Vaults:1)
  3 wights (D:14)
  8 electric eels
  2 howler monkeys
  3 centaur zombies
  9 crimson imps
  5 jellies
  A quasit (D:12)
  2 bullfrog skeletons
  4 human simulacra
  13 orc priests
  A bullfrog zombie (D:10)
  10 hounds
  Jessica (D:2)
  29 orc wizards
  4 iguanas
  16 worker ants
  A felid zombie (Crypt:1)
  Robin (D:3)
  4 gnolls
  13 adders
  A shadow imp (D:14)
  A white imp (Vaults:2)
  An ufetubus (Vaults:2)
  An ooze (D:3)
  4 adder skeletons
  8 worms
  5 dart slugs
  4 leopard geckos
  88 orcs
  3 giant cockroaches (D:3)
  14 goblins
  7 hobgoblins
  8 jackals (D:7)
  17 kobolds
  4 quokkas
  A ball python zombie (D:6)
  3 bats
  3 frilled lizards
  2 leopard gecko zombies
  7 rats
1563 creatures vanquished.

Vanquished Creatures (others)
  A lich (D:15)
  An unseen horror (Vaults:1)
  A hippogriff (Shoals:3)
  5 dream sheep (Lair:2)
  A slave (D:8)
  An adder skeleton (D:10)
  A bush (Lair:6)
  15 fungi
  47 plants
73 creatures vanquished.

Grand Total: 1636 creatures vanquished

Notes
Turn   | Place    | Note
-------+----------+-------------------------------------------
     0 | D:1      | SilverPrince the Minotaur Wanderer began the quest for the
                  | Orb.
     0 | D:1      | SilverPrince set off with the following items: a +0 club, a
                  | +2 scale mail, a ration; and the following spells available
                  | to memorise: Summon Butterflies, Shock, Recall, Static
                  | Discharge
     0 | D:1      | Reached XP level 1. HP: 18/18 MP: 1/1
   116 | D:1      | Reached XP level 2. HP: 26/26 MP: 2/2
   902 | D:2      | Noticed Jessica
   909 | D:2      | Killed Jessica
   909 | D:2      | Reached XP level 3. HP: 19/35 MP: 3/3
  1193 | D:2      | Found a stormy altar of Qazlal.
  1194 | D:2      | Found a sparkling altar of Nemelex Xobeh.
  1198 | D:2      | Reached skill level 5 in Fighting
  1569 | D:2      | Reached XP level 4. HP: 42/42 MP: 4/4
  2071 | D:3      | Reached XP level 5. HP: 18/48 MP: 5/5
  2462 | D:3      | Noticed Robin
  2470 | D:3      | Killed Robin
  2495 | D:3      | Reached skill level 5 in Armour
  2672 | D:3      | Found a sparkling altar of Nemelex Xobeh.
  2728 | D:3      | Found a radiant altar of Vehumet.
  3151 | D:4      | Reached XP level 6. HP: 52/57 MP: 6/6
  3344 | D:4      | Noticed Dowan
  3346 | D:4      | Noticed Duvessa
  3360 | D:5      | Entered Level 5 of the Dungeon
  3868 | D:5      | Found Tuhujeid's General Store.
  3937 | D:5      | Found Xunil's Weapon Emporium.
  4250 | D:4      | Found a burning altar of Makhleb.
  4273 | D:4      | Reached skill level 1 in Polearms
  4320 | D:4      | Found a shadowy altar of Dithmenos.
  4451 | D:4      | Killed Duvessa
  4451 | D:4      | Reached XP level 7. HP: 54/66 MP: 7/7
  4453 | D:4      | Killed Dowan
  4556 | D:4      | Found a basalt altar of Yredelemnul.
  4556 | D:4      | Found a shattered altar of Ashenzari.
  4888 | D:4      | Found a burning altar of Makhleb.
  4905 | D:4      | Found a shadowy altar of Dithmenos.
  5055 | D:4      | Found a basalt altar of Yredelemnul.
  5055 | D:4      | Found a shattered altar of Ashenzari.
  5292 | D:5      | Found Saah's General Store.
  5300 | D:5      | Bought a +0 cloak for 49 gold pieces
  5308 | D:5      | Found a hazy altar of Hepliaklqana.
  5350 | D:5      | Reached skill level 5 in Polearms
  5456 | D:5      | Found Wuill's General Store.
  5459 | D:5      | Bought a +0 kite shield for 58 gold pieces
  5475 | D:5      | Found Alamef's Distillery.
  5832 | D:5      | Found a staircase to the Ecumenical Temple.
  6011 | D:5      | Reached skill level 2 in Shields
  6404 | D:6      | Found a runed translucent door.
  6406 | D:6      | Noticed Matius's ghost (novice DsCK)
  6458 | D:5      | Reached XP level 8. HP: 43/73 MP: 8/8
  6613 | D:6      | Reached skill level 3 in Shields
  6915 | D:6      | Found a blossoming altar of Fedhas.
  6953 | D:6      | Reached skill level 4 in Shields
  7590 | D:7      | HP: 3/73 [something (6)]
  7591 | D:7      | HP: 1/73 [something (3)]
  7997 | D:7      | Reached skill level 9 in Shields
  7997 | D:7      | Reached XP level 9. HP: 79/79 MP: 9/9
  8020 | D:7      | Found a bloodstained altar of Trog.
  8081 | D:7      | Killed an unseen horror
  8081 | D:7      | Reached skill level 1 in Dodging
  8309 | D:7      | Reached XP level 10. HP: 85/86 MP: 10/10
  8401 | D:7      | Reached skill level 10 in Shields
  8463 | D:7      | Noticed Prince Ribbit
  8487 | D:7      | Killed Prince Ribbit
  8709 | D:7      | Found a runed translucent door.
  8710 | D:7      | Noticed Crazy Yiuf
  9191 | D:8      | Noticed Psyche
  9203 | D:7      | Killed Psyche
 10099 | D:8      | Noticed a two-headed ogre
 10224 | D:8      | Killed a two-headed ogre
 10541 | D:8      | Noticed Pikel
 10562 | D:8      | Killed Pikel
 10562 | D:8      | Reached skill level 5 in Dodging
 10604 | D:8      | Noticed Grum
 10612 | D:8      | Killed Grum
 10851 | D:9      | Noticed a two-headed ogre
 10909 | D:8      | Killed a two-headed ogre
 10909 | D:8      | Reached skill level 11 in Shields
 10909 | D:8      | Reached XP level 11. HP: 79/92 MP: 11/11
 11012 | D:9      | Noticed Maurice
 11028 | D:9      | Killed Maurice
 11817 | Temple   | Entered the Ecumenical Temple
 11975 | Temple   | Became a worshipper of Gozag Ym Sagoz the Greedy
 12370 | D:10     | Entered Level 10 of the Dungeon
 12706 | D:10     | Found a staircase to the Lair.
 12720 | D:10     | Noticed Nergalle
 12721 | D:10     | Noticed a spectral orc warlord
 13179 | D:10     | Noticed Fannar
 13210 | D:10     | Killed Fannar
 13210 | D:10     | Reached skill level 12 in Shields
 13705 | D:10     | Killed Nergalle
 14380 | Lair:1   | Entered Level 1 of the Lair of Beasts
 14387 | Lair:1   | Noticed Erica
 14402 | Lair:1   | Killed Erica
 14543 | Lair:1   | Reached skill level 10 in Armour
 14607 | Lair:1   | Noticed a five-headed hydra
 14627 | Lair:1   | Killed a five-headed hydra
 15019 | Lair:1   | Reached XP level 12. HP: 95/100 MP: 12/12
 15058 | Lair:1   | Noticed a five-headed hydra
 15069 | Lair:1   | Killed a five-headed hydra
 15186 | Lair:1   | Reached skill level 13 in Shields
 15642 | Lair:1   | You fall into a shaft and drop 1 floor!
 16341 | Lair:2   | Found a staircase to the Shoals.
 16467 | Lair:2   | Found a shimmering altar of Xom.
 16589 | Lair:2   | Found a hole to the Spider Nest.
 17132 | Lair:3   | Reached skill level 10 in Dodging
 17204 | Lair:3   | Reached skill level 14 in Shields
 17341 | Lair:3   | Identified a scroll of acquirement
 17341 | Lair:3   | Acquired a +2 cloak of poison resistance
 18244 | Lair:4   | Reached skill level 15 in Shields
 18262 | Lair:4   | Reached skill level 1 in Evocations
 18527 | Lair:4   | Found the +8 whip "Snakebite" {curare, rPois}
 18666 | Lair:4   | Reached skill level 1 in Maces & Flails
 18715 | Lair:4   | Noticed a death yak
 18716 | Lair:4   | Noticed a death yak
 18732 | Lair:4   | Killed a death yak
 18738 | Lair:4   | Killed a death yak
 18738 | Lair:4   | Reached XP level 13. HP: 85/107 MP: 13/13
 19819 | Lair:5   | Reached skill level 5 in Maces & Flails
 20286 | Lair:5   | Found a runed translucent gate.
 20287 | Lair:5   | Found a runed translucent gate.
 20288 | Lair:5   | Found a runed translucent gate.
 20289 | Lair:5   | Noticed a death ooze
 20290 | Lair:5   | Noticed Galipoih's ghost (journeyman OpFi)
 20446 | Lair:5   | Found a staircase to the Slime Pits.
 20706 | Lair:5   | Found a viscous altar of Jiyva.
 21017 | Lair:6   | Entered Level 6 of the Lair of Beasts
 21935 | Lair:5   | Reached skill level 5 in Evocations
 22608 | Lair:6   | Reached skill level 10 in Fighting
 22800 | Lair:6   | Reached XP level 14. HP: 112/121 MP: 17/17
 22866 | Lair:6   | Reached skill level 10 in Maces & Flails
 23272 | Lair:6   | Acquired a manual of Shields
 24681 | D:11     | Found Vuschaus's Food Emporium.
 24714 | D:11     | Bought a ration for 70 gold pieces
 24714 | D:11     | Bought a ration for 70 gold pieces
 24714 | D:11     | Bought a ration for 70 gold pieces
 24714 | D:11     | Bought a ration for 70 gold pieces
 24714 | D:11     | Bought a ration for 70 gold pieces
 24851 | D:11     | Found a staircase to the Orcish Mines.
 25163 | D:11     | Found a blossoming altar of Fedhas.
 25641 | D:12     | Noticed zergursh's ghost (journeyman CeHu)
 25641 | D:12     | Identified the +7 flail of Wulucw {distort, *Rage Str+4
                  | Int+6}
 25773 | D:12     | Noticed Erolcha
 25777 | D:12     | Killed Erolcha
 25839 | D:12     | Noticed Nessos
 25854 | D:12     | Noticed Nessos
 25854 | D:12     | Nessos changed into Nessos the jumping spider
 25856 | D:12     | Found a transporter.
 25869 | D:12     | Killed Nessos the jumping spider
 26101 | D:12     | Found a transporter.
 26102 | D:12     | Found a one-way gate to the infinite horrors of the Abyss.
 26897 | D:13     | Reached skill level 16 in Shields
 27290 | D:13     | Noticed Rupert
 27316 | D:13     | Killed Rupert
 28088 | Orc:1    | Entered Level 1 of the Orcish Mines
 28141 | Orc:1    | Reached XP level 15. HP: 132/132 MP: 19/19
 28185 | Orc:2    | Entered Level 2 of the Orcish Mines
 28297 | Orc:2    | Found Otud's General Store.
 28505 | Orc:2    | Found a roughly hewn altar of Beogh.
 28682 | Orc:1    | Reached skill level 17 in Shields
 29583 | Orc:2    | Found Melam's Antique Weapon Boutique.
 29583 | Orc:2    | Found Jaggej's Distillery.
 29585 | Orc:2    | Found Vagh's Armour Emporium.
 29587 | Orc:2    | Found Hoqyxur's Antique Weapon Shop.
 29728 | Orc:2    | Found Xiseadigg's Weapon Shop.
 29729 | Orc:2    | Found a staircase to the Elven Halls.
 29904 | Orc:2    | Bought a +0 morningstar of protection for 102 gold pieces
 30783 | D:14     | Found a gate to the Vaults.
 30966 | D:14     | Reached skill level 18 in Shields
 31079 | D:15     | Entered Level 15 of the Dungeon
 31135 | D:15     | Found a shattered altar of Ashenzari.
 32141 | D:15     | Found Veun's General Store.
 32356 | D:15     | Found a staircase to the Depths.
 32651 | Lair:2   | Bought the amulet of the Four Winds {rN+ MR+++ Clar} for
                  | 702 gold pieces
 32651 | Lair:2   | Found the amulet of the Four Winds {rN+ MR+++ Clar}
 32655 | Lair:2   | Bought the ring of the Fool {rC+ SInv} for 464 gold pieces
 32660 | Lair:2   | Bought the ring of Shadows {Umbra +Inv Stlth+} for 640 gold
                  | pieces
 32660 | Lair:2   | Found the ring of Shadows {Umbra +Inv Stlth+}
 32665 | Spider:1 | Entered Level 1 of the Spider Nest
 33274 | Spider:1 | Reached skill level 19 in Shields
 33903 | Spider:1 | Reached XP level 16. HP: 142/145 MP: 22/22
 34547 | Spider:2 | Reached skill level 10 in Evocations
 35237 | Spider:3 | Reached skill level 20 in Shields
 36330 | Spider:3 | Reached skill level 15 in Fighting
 36915 | Spider:4 | Entered Level 4 of the Spider Nest
 37319 | Spider:4 | Reached skill level 21 in Shields
 39040 | Spider:4 | Reached XP level 17. HP: 133/156 MP: 24/24
 39241 | Spider:4 | HP: 4/156 [emperor scorpion (10)]
 39657 | Spider:4 | Paralysed by a hornet for 3 turns
 40011 | Spider:3 | HP: 4/156 [emperor scorpion (19)]
 41180 | Spider:4 | Got a gossamer rune of Zot
 41499 | Shoals:1 | Entered Level 1 of the Shoals
 41661 | Shoals:1 | Found Caehum's Book Boutique.
 41778 | Shoals:1 | Reached skill level 22 in Shields
 42164 | Shoals:1 | Noticed Aizul
 42186 | Shoals:1 | Killed Aizul
 46541 | Shoals:3 | Noticed Bai Suzhen
 46546 | Shoals:3 | Noticed Ilsuiw
 46964 | Shoals:3 | Killed Ilsuiw
 46968 | Shoals:3 | Killed Bai Suzhen
 47324 | Shoals:3 | Reached XP level 18. HP: 86/163 MP: 26/26
 47659 | Shoals:3 | Noticed Donald
 47685 | Shoals:3 | Killed Donald
 47936 | Shoals:4 | Entered Level 4 of the Shoals
 48062 | Shoals:4 | Reached skill level 15 in Maces & Flails
 48176 | Shoals:4 | Found the +4 moon troll leather armour {Spirit, Regen++
                  | MP+5}
 48315 | Shoals:4 | Noticed Mara
 48324 | Shoals:4 | Noticed SilverPrince's illusion
 48875 | Depths:1 | Entered Level 1 of the Depths
 49384 | Vaults:1 | Entered Level 1 of the Vaults
 51172 | Vaults:1 | Found Zosig's Antique Weapon Shop.
 51277 | Vaults:1 | Noticed a tentacled monstrosity
 51285 | Vaults:1 | Reached skill level 23 in Shields
 51316 | Vaults:1 | Killed a tentacled monstrosity
 53270 | Shoals:4 | Got a barnacled rune of Zot
 54507 | Depths:1 | Found a blossoming altar of Fedhas.
 54513 | Depths:1 | Found a gateway to Hell.
 54832 | Depths:1 | Reached XP level 19. HP: 150/170 MP: 28/28
 56069 | Depths:1 | Found the +8 Wrath of Trog {antimagic, *Rage}
 56779 | D:12     | Killed zergursh's ghost
 57259 | Orc:2    | Bought a scroll of enchant weapon for 105 gold pieces
 57497 | Spider:2 | Reached skill level 24 in Shields
 58280 | Depths:2 | Paralysed by a floating eye for 3 turns
 58288 | Depths:1 | Paralysed by a floating eye for 4 turns
 58292 | Depths:1 | HP: 8/170 [deep troll simulacrum[a necromancer] (9)]
 58292 | Depths:1 | HP: 1/170 [deep troll simulacrum[a necromancer] (6)]
 58714 | Depths:2 | Found Belleos's Weapon Shoppe.
 59239 | Depths:2 | HP: 8/170 [vampire mage/vampiric draining (8)]
 59251 | Depths:2 | Reached skill level 15 in Evocations
 59966 | Depths:2 | Noticed a caustic shrike
 60476 | D:5      | Bought a ration for 55 gold pieces
 60476 | D:5      | Bought a ration for 55 gold pieces
 60528 | D:5      | Bought a potion of heal wounds for 65 gold pieces
 60528 | D:5      | Bought a ration for 65 gold pieces
 60966 | Vaults:2 | Noticed a Brimstone Fiend
 60967 | Vaults:2 | Reached skill level 25 in Shields
 62166 | Vaults:2 | Reached XP level 20. HP: 146/180 MP: 30/30
 62396 | Vaults:2 | Found a staircase to the Crypt.
 62907 | Vaults:2 | Found Hiegourgh's Distillery.
 64644 | Vaults:3 | Noticed Boris
 64668 | Vaults:3 | Killed Boris
 65966 | Vaults:3 | You fall into a shaft and drop 1 floor!
 65967 | Vaults:4 | Noticed Margery
 65977 | Vaults:4 | Noticed Frederick
 65982 | Vaults:4 | Gained mutation: You are clumsy. (Dex -2) [a cacodemon]
 66570 | Vaults:4 | Killed Frederick
 66669 | Vaults:4 | Killed Margery
 66719 | Vaults:4 | Acquired 430 gold pieces
 66720 | Vaults:4 | Acquired 570 gold pieces
 67291 | Vaults:4 | Reached XP level 21. HP: 171/201 MP: 31/31
 69228 | Crypt:1  | Entered Level 1 of the Crypt
 69971 | Crypt:1  | Noticed Xtahua
 69988 | Crypt:1  | Killed from afar by Xtahua

Illustrated notes

Levels and vault maps discovered:
D:1:      minmay_arrival_plants_in_alcoves, layout_loops_corners,
          grunt_decor_one_mirror
D:2:      layout_basic, gammafunk_temple_overflow_pools,
          kennysheep_generic_room_2, uniq_jessica
D:3:      layout_basic, vehumet_crystals, nemelex_lonely_heart_becter,
          uniq_robin
D:4:      layout_basic, lemuel_doored_altar, bloody_makhleb,
          gammafunk_temple_overflow_wave, first_ration, uniq_duvessa
D:5:      layout_layer_cave, lemuel_round_altar, minmay_temple_entry_junction,
          serial_shops, shop_statue, nicolae_shop_behind_doors, shop, shop, shop
D:6:      layout_cave_pools, fedhas_ov_isle_minmay,
          hellmonk_ghost_happy_afterlife
D:7:      kennysheep_spiral_hall, layout_loops_ring, bloody_trog,
          uniq_crazy_yiuf_cottage, uniq_prince_ribbit1
D:8:      layout_cave_pools, uniq_psyche, uniq_grum, uniq_pikel
D:9:      layout_cave_pods, uniq_maurice
D:10:     layout_long_grid, minmay_lair_entry_grove, serial_bayou,
          serial_bayou_pond_c, serial_bayou_shore_b, serial_bayou_crossing,
          serial_bayou_ford_a, uniq_fannar, uniq_nergalle
D:11:     layout_loops_corners, david_orc_4, serial_shops, shop, basic_altar
D:12:     layout_rooms, gammafunk_ghost_abyssal_escape, uniq_nessos,
          uniq_erolcha
D:13:     layout_loops_corners, hangedman_pestilent_swarm, minivault_26,
          kennysheep_generic_room_8, uniq_rupert
D:14:     layout_big_octagon, hangedman_decor_riveting
D:15:     grunt_enter_depths_snipers, layout_irregular_city, serial_shops,
          nicolae_shop_waterfront, nicolae_ashenzari_panopticon
Temple:   dshaligram_water_room_temple
Lair:1:   layout_loops_ring, patterned_corridor, uniq_erica
Lair:2:   layout_loops_ring, minmay_shoals_entry_centaurs,
          spider_nest_entry_funnel_web, grunt_forest_stairs_basic,
          kb_xom_exploding_sheep, minmay_lair_oklob_chamber,
          serial_bayou_shore_a, grunt_megastairs_3
Lair:3:   layout_loops_ring, chequers_serial_rivers_micro_e
Lair:4:   beast_lair_carwin_large_2, layout_cave_pods, serial_bayou_shore_b,
          infiniplex_staircase_pool_2, lemuel_fruit_tree
Lair:5:   layout_layer_cave, slime_dummy, gammafunk_ghost_ooze
Lair:6:   minmay_lair_end_frog_pond, layout_loops_ring
Shoals:1: layout_shoals, serial_shops, shop, nicolae_shoals_loop_pool,
          uniq_aizul
Shoals:2: cheibrodos_shoals_baths, layout_shoals
Shoals:3: layout_shoals, uniq_ilsuiw, uniq_bai_suzhen, uniq_donald
Shoals:4: shoals_end_grunt_ice, layout_shoals,
          nicolae_shoals_stone_sculpture_thing, nicolae_shoals_circle_sea_wall,
          uniq_mara
Spider:1: layout_spider_delve
Spider:2: layout_spider_delve, hive_lemuel, nicolae_spider_cling_halls
Spider:3: layout_spider_delve
Spider:4: spider_rune_water, lemuel_hornet_nest
Orc:1:    layout_caves, library_closet
Orc:2:    st_orc_rangers, layout_diamond_mine, serial_shops,
          nicolae_shop_crystal, shop, nicolae_orc_flooded_monolith, mines1_david
Vaults:1: grunt_vaults_funnel, hangedman_vaults_stagger, v_alt_pattern_6,
          v_misc_16, vaults_room_fancy_cross,
          vaults_room_grunt_arrival_checkpoint, hangedman_vaults_locks,
          v_misc_26, ontoclasm_vaults_water_temple, layout_vaults_maze_snakey,
          serial_shops, shop_fountains
Vaults:2: minmay_crypt_entry_simple_walls, serial_ice_b,
          nicolae_vaults_puzzle_piece, vaults_dpeg_cross, hangedman_vaults_trim,
          nicolae_vaults_little_squares_1, vaults_room_hangedman_quadrants,
          nicolae_vaults_sealed_display, layout_vaults_omnigrid, serial_shops,
          shop
Vaults:3: vaults_mumra_hexcomb, vaults_room_stairs_pillars,
          nicolae_vaults_rhombus_6, ontoclasm_vaults_ligature,
          hangedman_vaults_cutoff, ontoclasm_vaults_spin,
          ontoclasm_vaults_gallery, ontoclasm_vaults_tryst, vaults_dpeg_spiral,
          v_misc_23, hangedman_vaults_nodes, v_misc_24, nicolae_vaults_asterisk,
          v_misc_25, ontoclasm_vaults_shuriken, ontoclasm_vaults_gateway,
          hangedman_vaults_river_flow, layout_vaults_omnibox, uniq_boris
Vaults:4: vaults_room_stairs_pillars, nicolae_vaults_little_squares_4,
          v_rooms_1, vaults_room_fours, nicolae_vaults_little_squares_4,
          v_misc_31, ontoclasm_vaults_chip, nicolae_vaults_theta,
          vaults_room_corners, nicolae_vaults_network_star,
          layout_vaults_chaotic_city, uniq_frederick, uniq_margery
Crypt:1:  layout_rooms, uniq_xtahua, uniq_sojobo
Depths:1: layout_gridlike, old_standard_altar, hell_entry,
          minmay_guarded_unrand_wrath_of_trog
Depths:2: hangedman_arch_fort, layout_cave_shapes,
          pf_vacation_house_of_asmodeus, serial_shops, shop,
          hangedman_glass_teeth

Skill      XL: |  1  2  3  4  5  6  7  8  9 10 11 12 13 14 15 16 17 18 19 20 21 |
---------------+----------------------------------------------------------------+-----
Fighting       | 3 4 5 7 10 11 13 15 20 | 20.0
Armour         | 2 3 5 7 10 11 | 11.7
Polearms       | 3 6 13 14 | 14.0
Shields        | 2 9 11 12 15 16 19 21 22 23 25 | 25.0
Dodging        | 2 5 8 10 11 | 11.4
Evocations     | 2 5 7 9 11 12 13 15 | 15.6
Maces & Flails | 2 9 12 14 16 | 16.0
Stealth        | |  1.0
Spellcasting   | |  1.0
Hexes          | |  1.0
Summonings     | |  2.1

Action                   |  1- 3 |  4- 6 |  7- 9 | 10-12 | 13-15 | 16-18 | 19-21 || total
-------------------------+-------+-------+-------+-------+-------+-------+-------++-------
Melee: Club              |    53 |   180 |       |       |       |       |       ||   233
       Headbutt          |     6 |    41 |    46 |   248 |   549 |   688 |   425 ||  2003
       Spear             |       |    23 |   199 |  1038 |       |       |       ||  1260
       Whip              |       |       |       |    42 |  2058 |  2347 |       ||  4447
       Demon trident     |       |       |       |       |       |    94 |  1616 ||  1710
Throw: Dart              |       |    96 |     1 |     1 |       |     4 |       ||   102
       Javelin           |       |     6 |       |       |       |       |       ||     6
Invok: Potion Petition   |       |       |       |       |     2 |     9 |     3 ||    14
       Call Merchant     |       |       |       |       |     2 |       |       ||     2
 Abil: Evoke Invisibilit |       |       |       |       |       |     4 |       ||     4
       Evoke Flight      |       |       |       |       |       |     5 |       ||     5
Evoke: Wand              |       |       |     2 |    24 |     8 |    20 |     8 ||    62
  Use: Scroll            |       |       |    10 |    15 |     9 |    14 |    12 ||    60
       Potion            |       |       |     1 |       |       |     6 |       ||     7
 Stab: Distracted        |       |       |       |     3 |     7 |    10 |     8 ||    28
       Petrified         |       |       |       |       |     9 |       |       ||     9
       Sleeping          |       |       |       |       |     3 |     4 |     7 ||    14
       Invisible         |       |       |       |       |       |    14 |     2 ||    16
  Eat: Chunk             |     2 |     5 |     9 |     8 |       |       |       ||    24
       Ration            |       |     1 |     1 |     8 |    16 |    21 |    15 ||    62
Armor: Scale mail        |    30 |   175 |    67 |       |       |       |       ||   272
       Chain mail        |       |       |    44 |    38 |       |       |       ||    82
       Plate armour      |       |       |       |   297 |   653 |  1101 |   448 ||  2499
Dodge: Dodged            |    34 |   131 |    44 |   214 |   591 |   961 |   366 ||  2341
Block: Kite shield       |       |       |    59 |   471 |  1296 |  2215 |  1126 ||  5167
       Reflection        |       |       |       |       |       |    27 |    88 ||   115
